 Dungeon Crawl Stone Soup version 0.17.2-1-ge4368a0 (webtiles) character file.

140 KleinerIrrer the Skirmisher (level 5, 0/57 HPs)
             Began as an Ogre Fighter on July 6, 2017.
             Killed by divine providence
             ... invoked by an orc priest
              (15 damage)
             ... on level 3 of the Dungeon.
             The game lasted 00:03:46 (2299 turns).

KleinerIrrer the Skirmisher (Ogre Fighter)          Turns: 2299, Time: 00:03:46

Health: 0/57       AC:  4    Str: 21    XL:     5   Next: 23%
Magic:  5/5        EV:  8    Int:  7    God:
Gold:   113        SH:  8    Dex: 10    Spells: 0 memorised, 4 levels left

rFire  . . .     SeeInvis .     a - +0 flail
rCold  . . .     Clarity  .     b - +0 robe
rNeg   + . .     SustAt   .     c - +0 shield
rPois  .         Gourm    +     (helmet restricted)
rElec  .         Spirit   .     l - +0 cloak
rCorr  .         Warding  .     (gloves unavailable)
rMut   .         Stasis   .     (boots unavailable)
MR     .....                    h - amulet of the gourmand
Stlth  +.........               (no ring)
                                g - ring of positive energy

@: not resistant to hostile enchantments, very unstealthy
A: unfitting armour, tough skin 1
a: no special abilities


You were on level 3 of the Dungeon.
You were very full.

You visited 1 branch of the dungeon, and saw 3 of its levels.

You collected 113 gold pieces.

Inventory:

Hand Weapons
 a - a +0 flail (weapon)
 j - a cursed -1 whip
Missiles
 p - 8 needles of slowing
Armour
 b - a +0 robe (worn)
 c - a +0 shield (worn)
 l - a +0 cloak (worn)
Jewellery
 g - a ring of positive energy (left hand)
 h - an amulet of the gourmand (around neck)
Scrolls
 f - a scroll of immolation {unknown}
 i - a scroll of identify {unknown}
 m - a scroll of recharging {unknown}
 q - 2 scrolls of enchant armour {unknown}
 s - a scroll of fear {unknown}
Potions
 d - a potion of might
 n - a potion of brilliance {unknown}
 o - a potion of curing {unknown}
 r - a potion of lignification {unknown}
Comestibles
 e - 2 bread rations
 k - 3 fruits


   Skills:
 + Level 5.0 Fighting
 * Level 4.6 Maces & Flails
 + Level 3.4 Dodging
 + Level 3.2 Shields


You had 4 spell levels left.
You didn't know any spells.

Dungeon Overview and Level Annotations

Branches:
Dungeon (3/15)

Altars:


Innate Abilities, Weirdness & Mutations

You are too large for most types of armour.
You have tough skin (AC +1).


Message History

Reactivating autopickup.
The orc priest casts a cantrip, but nothing happens.
You block the orc wizard's attack.
You closely miss the orc wizard.
The orc wizard is lightly wounded.
The orc priest invokes the aid of Beogh against you.
Something smites you!
The orc wizard hits you but does no damage.
You sock the orc wizard!
The orc wizard is severely wounded.
The orc priest calls down the wrath of Beogh upon you.
Something smites you!
* * * LOW HITPOINT WARNING * * *
You block the orc wizard's attack.
You hit the orc wizard but do no damage.
The orc wizard is severely wounded.
The orc wizard closely misses you.
The orc priest calls down the wrath of Beogh upon you.
Something smites you!
You die...

### #.. #.# #.#####
#.o.oo######
......†####o#....#
...{... #@#.##.#
.!!.o..
#.#.##.#######
.....o.
#.#.#........#
....%..
#.#.#........#
.......
#.#.#.<......#
...o...
##'#.##############
#....#.............
#....#.############
#....#.#


You could see an orc priest, an orc wizard and an orc.

Vanquished Creatures
  Ijyb (D:2)
  6 adders (D:2)
  An ooze (D:2)
  2 worms
  2 orcs (D:3)
  4 goblins
  5 hobgoblins
  10 kobolds
  2 quokkas
  4 bats
  3 giant cockroaches
  A giant gecko (D:3)
  4 giant newts (D:1)
  2 jackals (D:2)
  6 rats
53 creatures vanquished.

Notes
Turn   | Place    | Note
--------------------------------------------------------------
     0 | D:1      | KleinerIrrer the Ogre Fighter began the quest for the Orb.
     0 | D:1      | Reached XP level 1. HP: 24/24 MP: 1/1
   232 | D:1      | Reached XP level 2. HP: 25/32 MP: 2/2
   761 | D:2      | Reached XP level 3. HP: 39/39 MP: 3/3
  1115 | D:2      | Noticed Ijyb
  1126 | D:2      | Killed Ijyb
  1126 | D:2      | Reached XP level 4. HP: 41/49 MP: 4/4
  1552 | D:2      | Reached skill level 5 in Fighting
  1757 | D:2      | Reached XP level 5. HP: 55/57 MP: 5/5
  2299 | D:3      | Killed from afar by an orc priest

Action                   |  1- 3 |  4- 6 || total
-------------------------+-------+-------++-------
Melee: Flail             |    84 |   107 ||   191
  Eat: Chunk             |    14 |     4 ||    18
